| TOP OF THE 1ST |
|
Caldwell Claws batting - Pitching for Magic Valley Magicians : RHP Kent Keiser
|
|
Pitching: RHP Kent Keiser
|
|
|
Batting: RHB Kim Christensen
|
0-0: Called Strike 0-1: Foul Ball, location: 2F 0-2: Ball 1-2: Foul Ball, location: 2F 1-2: Ball 2-2: Ball 3-2: Foul Ball, location: 2F 3-2: SINGLE (Line Drive, 9S, EV 91.3 MPH)
|
|
Batting: RHB David Morales
|
0-0: Ball 1-0: Ball 2-0: Called Strike 2-1: Foul Ball, location: 2F 2-2: TRIPLE (Line Drive, 78XD, EV 101.3 MPH) Kim Christensen scores
|
|
Batting: LHB Miguel Negron
|
0-0: Ball Wild Pitch! David Morales scores 1-0: Ball 2-0: Ball 3-0: Called Strike 3-1: Base on Balls
|
|
Batting: LHB Dave Smith
|
0-0: Ball 1-0: Ball 2-0: Foul Ball, location: 2F 2-1: Foul Ball, location: 2F 2-2: Ball 3-2: SINGLE (Line Drive, 9LS, EV 96.3 MPH) Miguel Negron to second Runner from 2nd tries for 3rd, SAFE, throw by RF made to third
|
|
Batting: LHB Gregory Robles
|
0-0: Ball 1-0: Ball 2-0: Ball 3-0: Called Strike 3-1: Hit by Pitch Dave Smith to second
|
|
Batting: LHB Joseph Wesley
|
0-0: Ball 1-0: Called Strike 1-1: DOUBLE (Line Drive, 3D, EV 93.8 MPH) Miguel Negron scores Dave Smith scores Gregory Robles to third
|
|
Batting: LHB Willie Vigil
|
0-0: Called Strike 0-1: SINGLE (Groundball, 4D, EV 93.8 MPH) Gregory Robles scores Joseph Wesley to third
|
|
Batting: LHB Roberto Guillen
|
0-0: Ball 1-0: Ball Wild Pitch! Joseph Wesley scores Willie Vigil to second 2-0: DOUBLE (Groundball, 3L, EV 100.6 MPH) Willie Vigil scores
|
|
Batting: SHB Alfredo Alcaide
|
0-0: Ball 1-0: SINGLE (Line Drive, 8LS, EV 88.8 MPH) Roberto Guillen to third Runner from 3rd tries for Home, SAFE, throw by CF to home
|
|
Pitching: RHP Bernardo Howard
|
|
|
Batting: RHB Kim Christensen
|
0-0: Called Strike 0-1: Ball 1-1: Ball 2-1: SINGLE (Groundball, 34D, EV 98.8 MPH) Alfredo Alcaide to second
|
|
Batting: RHB David Morales
|
0-0: Called Strike 0-1: Fielders Choice at 2nd, 3-6 (Groundball, 34, EV 85.6 MPH) Alfredo Alcaide to third
|
|
Batting: LHB Miguel Negron
|
0-0: Ball 1-0: Called Strike 1-1: Ball 2-1: Ball 3-1: Base on Balls David Morales to second
|
|
Batting: LHB Dave Smith
|
0-0: Ball 1-0: Ball 2-0: Ball 3-0: Base on Balls Alfredo Alcaide scores David Morales to third Miguel Negron to second
|
|
Batting: LHB Gregory Robles
|
0-0: Called Strike 0-1: Ball 1-1: Foul Ball, location: 2F 1-2: DOUBLE (Flyball, 8LXD, EV 90.0 MPH) David Morales scores Miguel Negron scores Dave Smith to third Runner from 3rd tries for Home, throw by CF and OUT! 8-6-2 Gregory Robles to third
|
|
Batting: LHB Joseph Wesley
|
0-0: Called Strike 0-1: Foul Ball, location: 2F 0-2: Ball 1-2: Ball 2-2: Strikes out swinging
|
| Top of the 1st over - 11 runs, 9 hits, 0 errors, 1 left on base; Caldwell 11 - Magic Valley 0 |
| BOTTOM OF THE 1ST |
|
Magic Valley Magicians batting - Pitching for Caldwell Claws : RHP Craig Herberholz
|
|
Pitching: RHP Craig Herberholz
|
|
|
Batting: RHB Kevin Ward
|
0-0: Ball 1-0: Called Strike 1-1: Ball 2-1: Ball 3-1: Base on Balls
|
|
Batting: RHB Matt Cimo
|
0-0: Called Strike 0-1: Ball 1-1: Fielders Choice at 2nd, 6-4 (Groundball, 6, EV 91.3 MPH)
|
|
Batting: RHB Terry Steinbach
|
0-0: Called Strike 0-1: Ball 1-1: Fly out, F8 (Line Drive, 8LM, EV 91.3 MPH)
|
|
Batting: RHB Jason Felice
|
0-0: Foul Ball, location: 2F 0-1: Ball 1-1: Called Strike 1-2: Ball 2-2: Ball 3-2: Strikes out swinging
|
| Bottom of the 1st over - 0 runs, 0 hits, 0 errors, 1 left on base; Caldwell 11 - Magic Valley 0 |
| TOP OF THE 2ND |
|
Caldwell Claws batting - Pitching for Magic Valley Magicians : RHP Bernardo Howard
|
|
Batting: LHB Willie Vigil
|
0-0: Foul Ball, location: 2F 0-1: Fly out, F8 (Flyball, 8RM, EV 71.9 MPH)
|
|
Batting: LHB Roberto Guillen
|
0-0: Fly out, F8 (Flyball, 8LM, EV 85.6 MPH)
|
|
Batting: SHB Alfredo Alcaide
|
0-0: Ball 1-0: Ball 2-0: Ball 3-0: Base on Balls
|
|
Batting: RHB Kim Christensen
|
0-0: Ball 1-0: Foul Ball, location: 2F 1-1: Called Strike 1-2: Ball 2-2: DOUBLE (Line Drive, 9LM, EV 96.9 MPH) Alfredo Alcaide to third Runner from 3rd tries for Home, SAFE, no throw by RF
|
|
Batting: RHB David Morales
|
0-0: Ball 1-0: SINGLE (Groundball, 6MD, EV 94.4 MPH) Kim Christensen to third Runner from 3rd tries for Home, SAFE, throw by CF to home David Morales to second
|
|
Batting: LHB Miguel Negron
|
0-0: Called Strike 0-1: Ball 1-1: Foul Ball, location: 2F 1-2: Foul Ball, location: 2F 1-2: Foul Ball, location: 2F 1-2: Ball Wild Pitch! David Morales to third 2-2: SINGLE (Flyball, 8RS, EV 88.8 MPH) David Morales scores
|
|
Pitching: LHP Terrence Nocera
|
|
|
Batting: LHB Dave Smith
|
0-0: Ball 1-0: Fly out, F8 (Flyball, 89D, EV 103.1 MPH)
|
| Top of the 2nd over - 3 runs, 3 hits, 0 errors, 1 left on base; Caldwell 14 - Magic Valley 0 |
| BOTTOM OF THE 2ND |
|
Magic Valley Magicians batting - Pitching for Caldwell Claws : RHP Craig Herberholz
|
|
Batting: RHB Marlin McPhail
|
0-0: SINGLE (Groundball, 56D, EV 98.1 MPH)
|
|
Batting: LHB Keith Bragg
|
0-0: Foul Ball, location: 2F 0-1: Ball 1-1: Ball 2-1: SINGLE (Groundball, 6MS, EV 71.3 MPH) (infield hit) Marlin McPhail to second
|
|
Batting: RHB Kenny Houp
|
0-0: Fly out, F2 (Popup, 25F, EV 83.8 MPH)
|
|
Batting: RHB Bruce Seid
|
0-0: Ball 1-0: Fly out, F3 (Line Drive, 3, EV 71.3 MPH)
|
|
Batting: RHB Andres Amoros
|
0-0: Ball 1-0: Called Strike 1-1: Swinging Strike 1-2: Ball 2-2: Foul Ball, location: 2F 2-2: Ball 3-2: Ground out 5-3 (Groundball, 5L, EV 103.8 MPH)
|
| Bottom of the 2nd over - 0 runs, 2 hits, 0 errors, 2 left on base; Caldwell 14 - Magic Valley 0 |
| TOP OF THE 3RD |
|
Caldwell Claws batting - Pitching for Magic Valley Magicians : LHP Terrence Nocera
|
|
Batting: LHB Gregory Robles
|
0-0: Called Strike 0-1: Foul Ball, location: 2F 0-2: Fly out, F7 (Line Drive, 7, EV 90.6 MPH)
|
|
Batting: LHB Joseph Wesley
|
0-0: Ball 1-0: Ball 2-0: Ball 3-0: Called Strike 3-1: Called Strike 3-2: Strikes out swinging
|
|
Batting: LHB Willie Vigil
|
0-0: Ball 1-0: Fly out, F7 (Line Drive, 7D, EV 93.8 MPH)
|
| Top of the 3rd over - 0 runs, 0 hits, 0 errors, 0 left on base; Caldwell 14 - Magic Valley 0 |
| BOTTOM OF THE 3RD |
|
Magic Valley Magicians batting - Pitching for Caldwell Claws : RHP Craig Herberholz
|
|
Batting: RHB Kevin Ward
|
0-0: Called Strike 0-1: Called Strike 0-2: Foul Ball, location: 2F 0-2: Ball 1-2: Ball 2-2: Foul Ball, location: 2F 2-2: Fly out, F8 (Flyball, 8RM, EV 88.1 MPH)
|
|
Batting: RHB Matt Cimo
|
0-0: DOUBLE (Flyball, 89XD, EV 102.5 MPH)
|
|
Batting: RHB Terry Steinbach
|
0-0: Called Strike 0-1: Fly out, F8 (Flyball, 78M, EV 91.3 MPH)
|
|
Batting: RHB Jason Felice
|
0-0: Foul Ball, location: 2F 0-1: Foul Ball, location: 2F 0-2: Ball 1-2: Ball 2-2: Fly out, F8 (Flyball, 78D, EV 98.8 MPH)
|
| Bottom of the 3rd over - 0 runs, 1 hit, 0 errors, 1 left on base; Caldwell 14 - Magic Valley 0 |
| TOP OF THE 4TH |
|
Caldwell Claws batting - Pitching for Magic Valley Magicians : LHP Terrence Nocera
|
|
Batting: LHB Roberto Guillen
|
0-0: Foul Ball, location: 2F 0-1: Ball 1-1: SINGLE (Line Drive, 34, EV 97.5 MPH)
|
|
Batting: SHB Alfredo Alcaide
|
0-0: Called Strike 0-1: Ball 1-1: Ball 2-1: Ground out 4-3 (Groundball, 34D, EV 105.6 MPH) Roberto Guillen to second
|
|
Batting: RHB Kim Christensen
|
0-0: Ball 1-0: Ball 2-0: Swinging Strike 2-1: Ball 3-1: Fly out, F7 (Flyball, 78XD, EV 103.1 MPH) Runner from 2nd tags up, SAFE at 3rd, no throw by LF
|
|
Batting: RHB David Morales
|
0-0: Ball 1-0: Foul Ball, location: 2F 1-1: DOUBLE (Line Drive, 78D, EV 106.9 MPH) Roberto Guillen scores
|
|
Batting: LHB Miguel Negron
|
0-0: Called Strike 0-1: Ball 1-1: Ground out 5-3 (Groundball, 5, EV 90.0 MPH)
|
| Top of the 4th over - 1 run, 2 hits, 0 errors, 1 left on base; Caldwell 15 - Magic Valley 0 |
| BOTTOM OF THE 4TH |
|
Magic Valley Magicians batting - Pitching for Caldwell Claws : RHP Craig Herberholz
|
|
Batting: RHB Marlin McPhail
|
0-0: Ball 1-0: Called Strike 1-1: Ball 2-1: Ball 3-1: Base on Balls
|
|
Batting: LHB Keith Bragg
|
0-0: SINGLE (Groundball, 34D, EV 100.0 MPH) Marlin McPhail to second
|
|
Batting: RHB Kenny Houp
|
0-0: Ball 1-0: Called Strike 1-1: Ball 2-1: Ball 3-1: Ground out 3-1 (Groundball, 23, EV 87.5 MPH) Marlin McPhail to third Keith Bragg to second
|
|
Batting: RHB Bruce Seid
|
0-0: Foul Ball, location: 2F 0-1: Ball 1-1: Ground out U3 (Groundball, 34S, EV 78.1 MPH) Marlin McPhail scores Keith Bragg to third
|
|
Batting: RHB Andres Amoros
|
0-0: Ball 1-0: Foul Ball, location: 2F 1-1: Ball 2-1: Called Strike 2-2: Strikes out swinging
|
| Bottom of the 4th over - 1 run, 1 hit, 0 errors, 1 left on base; Caldwell 15 - Magic Valley 1 |
| TOP OF THE 5TH |
|
Caldwell Claws batting - Pitching for Magic Valley Magicians : LHP Terrence Nocera
|
|
Batting: LHB Dave Smith
|
0-0: Fly out, F8 (Flyball, 8LM, EV 89.4 MPH)
|
|
Batting: LHB Gregory Robles
|
0-0: Ball 1-0: SINGLE (Line Drive, 6M, EV 95.0 MPH)
|
|
Batting: LHB Joseph Wesley
|
0-0: Foul Ball, location: 2F 0-1: Swinging Strike 0-2: Strikes out swinging
|
|
Batting: LHB Willie Vigil
|
0-0: Ball Wild Pitch! Gregory Robles to second 1-0: SINGLE (Groundball, 3D, EV 98.8 MPH) Gregory Robles to third Runner from 3rd tries for Home, SAFE, throw by RF to home
|
|
Batting: LHB Roberto Guillen
|
0-0: 2-RUN HOME RUN (Flyball, 9D, EV 107.5 MPH), Distance : 366 ft
|
|
Batting: SHB Alfredo Alcaide
|
0-0: Ball 1-0: Foul Ball, location: 2F 1-1: Swinging Strike 1-2: Ball 2-2: Hit by Pitch
|
|
Pitching: LHP Thomas Robinson
|
|
|
Batting: RHB Kim Christensen
|
0-0: Ball 1-0: Swinging Strike 1-1: TRIPLE (Line Drive, 78XD, EV 104.4 MPH) Alfredo Alcaide scores
|
|
Batting: RHB David Morales
|
0-0: Fly out, F9 (Flyball, 9, EV 75.0 MPH)
|
| Top of the 5th over - 4 runs, 4 hits, 0 errors, 1 left on base; Caldwell 19 - Magic Valley 1 |
| BOTTOM OF THE 5TH |
|
Magic Valley Magicians batting - Pitching for Caldwell Claws : RHP Craig Herberholz
|
|
Batting: RHB Kevin Ward
|
0-0: Fly out, F9 (Flyball, 9, EV 85.0 MPH)
|
|
Batting: RHB Matt Cimo
|
0-0: SOLO HOME RUN (Flyball, 7LD, EV 106.9 MPH), Distance : 367 ft
|
|
Batting: RHB Terry Steinbach
|
0-0: Ball 1-0: Ball 2-0: Ball 3-0: Called Strike 3-1: Called Strike 3-2: Foul Ball, location: 2F 3-2: Base on Balls
|
|
Batting: RHB Jason Felice
|
0-0: Called Strike 0-1: Fly out, F8 (Flyball, 8RM, EV 96.3 MPH)
|
|
Batting: RHB Marlin McPhail
|
0-0: Called Strike 0-1: Ball 1-1: Swinging Strike 1-2: Ball 2-2: Strikes out swinging
|
| Bottom of the 5th over - 1 run, 1 hit, 0 errors, 1 left on base; Caldwell 19 - Magic Valley 2 |
| TOP OF THE 6TH |
|
Caldwell Claws batting - Pitching for Magic Valley Magicians : LHP Thomas Robinson
|
|
Batting: LHB Miguel Negron
|
0-0: Ground out 6-3 (Groundball, 6MS, EV 86.3 MPH)
|
|
Batting: LHB Dave Smith
|
0-0: Called Strike 0-1: Ball 1-1: Foul Ball, location: 2F 1-2: Foul Ball, location: 2F 1-2: Strikes out swinging
|
|
Batting: LHB Gregory Robles
|
0-0: Called Strike 0-1: SINGLE (Line Drive, 4M, EV 94.4 MPH)
|
|
Batting: LHB Joseph Wesley
|
0-0: Called Strike 0-1: Swinging Strike 0-2: Foul Ball, location: 2F 0-2: Ball 1-2: Strikes out swinging
|
| Top of the 6th over - 0 runs, 1 hit, 0 errors, 1 left on base; Caldwell 19 - Magic Valley 2 |
| BOTTOM OF THE 6TH |
|
Magic Valley Magicians batting - Pitching for Caldwell Claws : RHP Craig Herberholz
|
|
Batting: LHB Keith Bragg
|
0-0: Ground out 5-3 (Groundball, 5, EV 81.3 MPH)
|
|
Batting: RHB Kenny Houp
|
0-0: Called Strike 0-1: Ball 1-1: Foul Ball, location: 2F 1-2: Foul Ball, location: 2F 1-2: Foul Ball, location: 2F 1-2: Foul Ball, location: 2F 1-2: Ground out 6-3 (Groundball, 6MD, EV 98.1 MPH)
|
|
Batting: RHB Bruce Seid
|
0-0: Fly out, F9 (Flyball, 9, EV 91.9 MPH)
|
| Bottom of the 6th over - 0 runs, 0 hits, 0 errors, 0 left on base; Caldwell 19 - Magic Valley 2 |
| TOP OF THE 7TH |
|
Caldwell Claws batting - Pitching for Magic Valley Magicians : LHP Thomas Robinson
|
|
Batting: LHB Willie Vigil
|
0-0: DOUBLE (Line Drive, 8LD, EV 104.4 MPH)
|
|
Batting: LHB Roberto Guillen
|
0-0: Fly out, F8 (Flyball, 89D, EV 100.6 MPH) Runner from 2nd tags up, SAFE at 3rd, no throw by CF
|
|
Batting: SHB Alfredo Alcaide
|
0-0: Ball 1-0: Called Strike 1-1: SINGLE (Line Drive, 4D, EV 100.6 MPH) Willie Vigil scores
|
|
Batting: RHB Kim Christensen
|
0-0: Ball 1-0: Ball 2-0: Ball 3-0: Called Strike 3-1: Base on Balls Alfredo Alcaide to second
|
|
Batting: RHB David Morales
|
0-0: Ball 1-0: Reached on error, E5 (Groundball, 56S, EV 68.1 MPH) Alfredo Alcaide to third Kim Christensen to second
|
|
Pinch Hitting: LHB Robert Heimerl
|
0-0: Called Strike 0-1: Foul Ball, location: 2F 0-2: Strikes out swinging
|
|
Batting: LHB Dave Smith
|
0-0: Ball 1-0: Foul Ball, location: 2F 1-1: Ball 2-1: SINGLE (Groundball, 34D, EV 96.9 MPH) Alfredo Alcaide scores Kim Christensen to third David Morales to second Runner from 3rd tries for Home, SAFE, throw by RF to home
|
|
Batting: LHB Gregory Robles
|
0-0: Called Strike 0-1: Ball 1-1: Called Strike 1-2: Ball 2-2: Ball 3-2: Strikes out looking
|
| Top of the 7th over - 3 runs, 3 hits, 1 error, 2 left on base; Caldwell 22 - Magic Valley 2 |
| BOTTOM OF THE 7TH |
|
Magic Valley Magicians batting - Pitching for Caldwell Claws : RHP Craig Herberholz
|
|
Now in RF: Robert Heimerl
|
|
|
Batting: RHB Andres Amoros
|
0-0: Ball 1-0: Ball 2-0: Called Strike 2-1: Ball 3-1: Swinging Strike 3-2: Strikes out swinging
|
|
Batting: RHB Kevin Ward
|
0-0: Called Strike 0-1: Fly out, F1 (Line Drive, P, EV 76.3 MPH)
|
|
Batting: RHB Matt Cimo
|
0-0: TRIPLE (Flyball, 89XD, EV 105.6 MPH)
|
|
Batting: RHB Terry Steinbach
|
0-0: Ball 1-0: Foul Ball, location: 2F 1-1: Swinging Strike 1-2: SINGLE (Line Drive, 9S, EV 99.4 MPH) Matt Cimo scores
|
|
Batting: RHB Jason Felice
|
0-0: Called Strike Terry Steinbach steals 2nd base (no throw) 0-1: Ball 1-1: Foul Ball, location: 2F 1-2: Ground out 6-3 (Groundball, 56, EV 87.5 MPH)
|
| Bottom of the 7th over - 1 run, 2 hits, 0 errors, 1 left on base; Caldwell 22 - Magic Valley 3 |
| TOP OF THE 8TH |
|
Caldwell Claws batting - Pitching for Magic Valley Magicians : LHP Thomas Robinson
|
|
Batting: LHB Joseph Wesley
|
0-0: Ball 1-0: Ground out 4-3 (Groundball, 4, EV 88.1 MPH)
|
|
Batting: LHB Willie Vigil
|
0-0: Ball 1-0: Ball 2-0: DOUBLE (Groundball, 3L, EV 106.9 MPH)
|
|
Pitching: RHP Peter Beattie
|
|
|
Batting: LHB Roberto Guillen
|
0-0: Ball 1-0: Called Strike 1-1: Ball 2-1: Called Strike 2-2: Foul Ball, location: 2F 2-2: Foul Ball, location: 2F 2-2: SINGLE (Groundball, 4MD, EV 99.4 MPH) Willie Vigil to third Runner from 3rd tries for Home, SAFE, throw by CF to home
|
|
Batting: SHB Alfredo Alcaide
|
0-0: SINGLE (Line Drive, 9S, EV 105.0 MPH) Roberto Guillen to second
|
|
Batting: RHB Kim Christensen
|
0-0: Swinging Strike 0-1: Swinging Strike 0-2: Fly out, F9 (Flyball, 9S, EV 88.8 MPH)
|
|
Batting: RHB David Morales
|
0-0: Called Strike 0-1: Ground out 5-3 (Groundball, 56S, EV 70.6 MPH)
|
| Top of the 8th over - 1 run, 3 hits, 0 errors, 2 left on base; Caldwell 23 - Magic Valley 3 |
| BOTTOM OF THE 8TH |
|
Magic Valley Magicians batting - Pitching for Caldwell Claws : RHP Craig Herberholz
|
|
Batting: RHB Marlin McPhail
|
0-0: Ball 1-0: Fly out, F8 (Flyball, 8RS, EV 97.5 MPH)
|
|
Batting: LHB Keith Bragg
|
0-0: Called Strike 0-1: Ball 1-1: Foul Ball, location: 2F 1-2: Strikes out swinging
|
|
Batting: RHB Kenny Houp
|
0-0: Called Strike 0-1: Ball 1-1: Called Strike 1-2: Foul Ball, location: 2F 1-2: Strikes out swinging
|
| Bottom of the 8th over - 0 runs, 0 hits, 0 errors, 0 left on base; Caldwell 23 - Magic Valley 3 |
| TOP OF THE 9TH |
|
Caldwell Claws batting - Pitching for Magic Valley Magicians : RHP Peter Beattie
|
|
Batting: LHB Robert Heimerl
|
0-0: Ball 1-0: Reached on error, E3 (Groundball, 34, EV 80.0 MPH)
|
|
Batting: LHB Dave Smith
|
0-0: Ball 1-0: Ball 2-0: Foul Ball, location: 2F 2-1: Foul Ball, location: 2F 2-2: Strikes out swinging
|
|
Batting: LHB Gregory Robles
|
0-0: Called Strike 0-1: Ball 1-1: Foul Ball, location: 2F 1-2: Strikes out swinging
|
|
Batting: LHB Joseph Wesley
|
0-0: Ball 1-0: Called Strike 1-1: Ball 2-1: Foul Ball, location: 2F 2-2: Ball 3-2: Ground out 6-3 (Groundball, 6, EV 87.5 MPH)
|
| Top of the 9th over - 0 runs, 0 hits, 1 error, 1 left on base; Caldwell 23 - Magic Valley 3 |
| BOTTOM OF THE 9TH |
|
Magic Valley Magicians batting - Pitching for Caldwell Claws : RHP Craig Herberholz
|
|
Batting: RHB Bruce Seid
|
0-0: Foul Ball, location: 2F 0-1: Fly out, F9 (Flyball, 9LS, EV 71.3 MPH)
|
|
Batting: RHB Andres Amoros
|
0-0: Ball 1-0: Swinging Strike 1-1: Ball 2-1: Foul Ball, location: 2F 2-2: SINGLE (Groundball, 6MS, EV 65.6 MPH) (infield hit)
|
|
Batting: RHB Kevin Ward
|
0-0: Fly out, F9 (Line Drive, 9D, EV 105.6 MPH)
|
|
Pitching: LHP Rafael Sepulveda
|
|
|
Batting: RHB Matt Cimo
|
0-0: Ball 1-0: Called Strike 1-1: SINGLE (Flyball, 78S, EV 91.9 MPH) Andres Amoros to second
|
|
Batting: RHB Terry Steinbach
|
0-0: Called Strike 0-1: Foul Ball, location: 2F 0-2: Strikes out swinging
|
| Bottom of the 9th over - 0 runs, 2 hits, 0 errors, 2 left on base; Caldwell 23 - Magic Valley 3 |
|